 Dungeon Crawl Stone Soup version 0.24-a0-244-ga6a6ab7 (webtiles) character file.

Game seed: 11073164665034218408

70 robertstho the Vandal (level 4, -3/29 HPs)
             Began as a Halfling Hunter on Apr 11, 2019.
             Slain by a gnoll
             ... wielding a +0 halberd
              (7 damage)
             ... on level 2 of the Dungeon.
             The game lasted 00:02:54 (862 turns).

robertstho the Vandal (Halfling Hunter)              Turns: 862, Time: 00:02:54

Health: -3/29      AC:  3    Str: 13    XL:     4   Next: 45%
Magic:  4/4        EV: 15    Int:  9    God:
Gold:   96         SH:  0    Dex: 15    Spells: 3/3 levels left

rFire    . . .     SeeInvis .   a - +2 hunting sling
rCold    . . .     Gourm    .   (shield restricted)
rNeg     . . .     Faith    .   c - +0 leather armour
rPois    .         Spirit   .   (no helmet)
rElec    .         Reflect  .   (no cloak)
rCorr    .         Harm     .   (no gloves)
MR       .....     Rnd*Tele +   (no boots)
Stlth    +++.......             (no amulet)
HPRegen  0.09/turn              g - ring of teleportation (curse)
MPRegen  0.09/turn              k - ring of stealth

@: no status effects
A: small, mutation resistance 1
a: no special abilities


You were on level 2 of the Dungeon.
You were not hungry.

You visited 1 branch of the dungeon, and saw 2 of its levels.

You collected 96 gold pieces.

Inventory:

Hand Weapons
 a - a +2 hunting sling (weapon)
 b - a +0 short sword
Missiles
 d - a sling bullet (quivered)
 e - 46 stones
Armour
 c - a +0 leather armour (worn)
Jewellery
 g - a cursed ring of teleportation (left hand)
 k - a ring of stealth (right hand)
Scrolls
 j - a scroll of identify
Potions
 h - a potion of agility {unknown}
Comestibles
 f - 2 rations


   Skills:
 + Level 2.1 Fighting
 * Level 7.6 Slings
 + Level 2.4 Dodging
 * Level 1.5 Stealth


You had 3 spell levels left.
You didn't know any spells.
Your spell library was empty.

Dungeon Overview and Level Annotations

Branches:
Dungeon (2/15)

Altars:

Annotations:
D:2 Robin


Innate Abilities, Weirdness & Mutations

You are small and have problems with some larger weapons.
You are somewhat resistant to further mutation.


Message History

You aren't carrying any items that you can evoke.
Unknown command.
You feel sick.
You are no longer poisoned.
You feel strangely unstable.
You are suddenly yanked towards some nearby monsters!
Your surroundings suddenly seem different.
Found 15 stones. 2 gnolls come into view.
Unknown command.
The gnoll shouts!
The gnoll shouts!
You see here 2 stones.
e - 46 stones (gained 2)
You see here a sling bullet.
d - a sling bullet You see here a sedimented yellow potion.
h - a sedimented yellow potion The gnoll hits you from afar with a +0 halberd!
You die...

#.# #### ##.###... #.††.....
########## #.##.#...
########......... #.##.....
####..........# #.####...
#....(.#..#.#.## #.##.#####..
#.##.#((...g...## #.##........
#.##.###(.#..g.@# #.########..
#.##.###(.#..(..#####.#### #..
#g.#..((((≈≈≈≈≈≈≈........# #..
##.######((...##.#....##.#####..
#.# #<()..##(#.##.#.gg..S... #g#
#(.....).....((.....g).. #.#
#.....##....#.#..÷...... #.#
#.....##....#.##.###.#.. #..
######.....)..)..# #.#..


You could see 2 gnolls.

Vanquished Creatures
  An adder (D:2)
  2 worms (D:2)
  3 dart slugs
  8 bats
  3 giant cockroaches (D:1)
  10 goblins
  4 hobgoblins
  4 jackals (D:2)
  2 ball pythons
  3 frilled lizards
  3 kobolds
  5 rats
48 creatures vanquished.

Notes
Turn   | Place    | Note
-------+----------+-------------------------------------------
     0 | D:1      | robertstho the Halfling Hunter began the quest for the Orb.
     0 | D:1      | Reached XP level 1. HP: 14/14 MP: 1/1
    93 | D:1      | Reached skill level 6 in Slings
   108 | D:1      | Reached XP level 2. HP: 15/19 MP: 2/2
   368 | D:1      | Reached XP level 3. HP: 24/24 MP: 3/3
   519 | D:2      | Reached skill level 7 in Slings
   720 | D:2      | Reached XP level 4. HP: 29/29 MP: 4/4
   807 | D:2      | Noticed Robin
   862 | D:2      | Slain by a gnoll

Levels and vault maps discovered:
D:1:      lemuel_arrival_room, layout_basic, chequers_serial_rivers_marsh,
          feat_on_display
D:2:      layout_loops_cross, serial_rivers, chequers_serial_rivers_room_a,
          chequers_serial_rivers_micro_b, chequers_serial_rivers_micro_e,
          chequers_serial_rivers_micro_e, minmay_goblin_kobold_house, uniq_robin

Skill      XL: |  1  2  3  4 |
---------------+-------------+-----
Slings         | 6 7 |  7.6
Fighting       | 2 |  2.1
Dodging        | |  2.4
Stealth        | |  1.5

Action                   |  1- 3 |  4- 6 || total
-------------------------+-------+-------++-------
 Fire: Hunting sling     |    84 |    49 ||   133
  Use: Scroll            |     2 |       ||     2
Armor: Leather armour    |     6 |       ||     6
Dodge: Dodged            |    15 |    11 ||    26

Table legend:
 A = Non-vault XP
 B = Vault XP
 C = Vault XP percentage of total XP
 D = Non-vault monster count
 E = Vault monster count
 F = Vault count percentage of total count
                 A         B        C        D         E       F
            +---------+---------+-------+---------+---------+-------
      Total |      86 |      15 |  14.9 |      40 |       8 |  16.7
            +---------+---------+-------+---------+---------+-------
        D:1 |      32 |       0 |   0.0 |      20 |       0 |   0.0
        D:2 |      54 |      15 |  21.7 |      20 |       8 |  28.6
            +---------+---------+-------+---------+---------+-------
